 Dungeon Crawl Stone Soup version 0.31-a0-1005-gfbdfbacc72 (webtiles) character file.

Game seed: 3299946458577003287

3 Azuregosa the Sneak (level 1, -2/16 HPs)
             Began as an Octopode Delver on Nov 11, 2023.
             Slain by a scorpion (6 damage)
             ... on level 5 of the Dungeon.
             The game lasted 00:00:56 (42 turns).

Azuregosa the Sneak (Octopode Delver)                 Turns: 42, Time: 00:00:58

Health: -2/16      AC:  1    Str: 11    XL:     1   Next: 50%
Magic:  1/1        EV: 13    Int: 12    God:
Gold:   11         SH:  0    Dex: 13    Spells: 0/0 levels left

rFire   . . .        a - +0 mace
rCold   . . .        (no shield)
rNeg    . . .        (helmet restricted)
rPois   .            (no amulet)
rElec   .            (no ring)
rCorr   .            (no ring)
SInv    .            (no ring)
Will    .....        (no ring)
Stlth   ++++         (no ring)
HPRegen 0.22/turn    (no ring)
MPRegen 0.07/turn    (no ring)
                     (no ring)

%: no passive effects
@: lethally poisoned (-2 -> -9)
A: almost no armour, amphibious, 8 rings, camouflage 1, gelatinous body 1,
(nimble swimmer 1), tentacles
a: no special abilities


You were on level 5 of the Dungeon.
You visited 1 branch of the dungeon, and saw 2 of its levels.

You collected 11 gold pieces.

Inventory:

Hand Weapons
 a - a +0 mace (weapon)
Wands
 f - a wand of digging (2)
Scrolls
 b - a scroll of fog
 d - a scroll of fear
Potions
 e - a potion of haste


   Skills:
 - Level 3.0 Fighting
 - Level 2.0 Maces & Flails
 - Level 2.0 Dodging
 + Level 6.8 Stealth


You couldn't memorise any spells.
You didn't know any spells.
Your spell library was empty.

Dungeon Overview and Level Annotations

Branches:
Dungeon (5/15)             Temple (0/1) D:5

Altars:


Innate Abilities, Weirdness & Mutations

You cannot wear most types of armour.
You are amphibious.
You can wear up to eight rings at the same time.
Your skin changes colour to match your surroundings (Stealth+).
Your rubbery body absorbs attacks. (AC +1, EV +1)
((You are camouflaged when in or above water. (Stealth+)))
You have tentacles for arms and can constrict up to eight enemies at once.


Message History

As you read the scroll of revelation, it crumbles to dust.
You feel aware of your surroundings.
You sensed 5 altars.
Found 11 gold pieces.
Found a stone staircase leading up.
You now have 11 gold pieces.
There is a stone staircase leading up here.
You climb upwards.
There is a stone staircase leading down here.
You miss the goblin. You grab the goblin. You squeeze the goblin.
The goblin is heavily wounded.
You constrict the goblin. The goblin closely misses you.
You hit the goblin.
You kill the goblin!
There is a stone staircase leading down here.
You climb downwards.
There is a stone staircase leading up here.
Aiming: Dig
Press: ? - help, Shift-Dir - straight line A rock wall.
The rock shatters into small pieces.
You hear a shout!
An orc comes into view. It is wielding a +0 whip.
An orc comes into view. It is wielding a +0 dagger.
Found a staircase to the Ecumenical Temple.
An orc comes into view. It is wielding a +0 dagger.
A scorpion comes into view.
The orc misses you.
You barely miss the orc. Your grab misses the orc. You squeeze the orc!
You kill the orc!
You closely miss the scorpion. Your grab misses the scorpion.
Your squeeze misses the scorpion. The scorpion stings you.
You are poisoned.
The scorpion poisons you! The scorpion stings you!
You hit the scorpion. You grab the scorpion.
The scorpion is moderately wounded.
You constrict the scorpion, but do no damage.
* * * LOW HITPOINT WARNING * * *
You feel very sick. The scorpion stings you.
You die...

*,**,,,**,,,#.......<..#.#.###.#
**+*******,*,#.#.....#..#.#.###.#
,,,,,,* *,*,#............#.###..
,,,,,,* *,*,#######.##.#......##
,,,,,,* *,*,* ##....#.#.##.##
,,,,,,* *,*,* ##.#####,#,#*,*
,,,,,,* **,*,* ##....#**,*,**,**
****+****,,,,* ##.#.......,,,,,,,
*,,,*,,*,,**#@##...###.#,**,,*
**,,,,,*,,,#s###.....,,,,***,*
*,,,*,*,*..#**#######,*****,*
***,,,,**#...,,,,,,,,,,,,,,,,,,
*,,,*,,,#...*,,********,****,**
**,,,,*,....#,,,,,,,,,,,,,,,*,**
*,,*****.>.#****,,,****,***,*,**
**,,,,*,...,*,,,,****,,,,,,,*,**
*,,,*,,,*,,,*,,****************


You could see a scorpion.

Vanquished Creatures
  An orc (D:5)
  A goblin (D:4)
2 creatures vanquished.

Notes
Turn   | Place    | Note
-------+----------+-------------------------------------------
     0 | D:5      | Azuregosa the Octopode Delver began the quest for the Orb.
     0 | D:5      | Reached XP level 1. HP: 16/16 MP: 1/1
    35 | D:5      | Found a staircase to the Ecumenical Temple.
    36 | D:5      | Noticed a scorpion
    42 | D:5      | Slain by a scorpion

Illustrated notes

Levels and vault maps discovered:
D:4:      layout_gridville
D:5:      layout_basic, mainiacjoe_overflow_tiny_flanked,
          nicolae_overflow_hidden_temple, amcnicky_altar_gilded,
          mainiacjoe_overflow_brackets, mainiacjoe_overflow_alcove_2,
          minmay_temple_entry_arrows

Action                     || total
---------------------------++-------
  Melee: Mace              ||     5
         Constrict         ||     2
         Tentacles         ||     2
  Evoke: Wand              ||     1
    Use: Scroll            ||     1
 Armour: Skin              ||     3
  Dodge: Dodged            ||     2

Table legend: (Time is in decaauts)
 A = Elapsed time spent in this place.
 B = Non-inter-level travel time spent in this place.
 C = Inter-level travel time spent in this place.
 D = Time resting spent in this place.
 E = Time spent auto-exploring this place.
 F = Levels seen in this place.
 G = Mean time per level.
                   A        B        C        D        E       F      G
               +--------+--------+--------+--------+--------+-----+--------+
         Total |     43 |     43 |      0 |      0 |      0 |   2 |   21.5 |
       Dungeon |     43 |     43 |      0 |      0 |      0 |   2 |   21.5 |
               +--------+--------+--------+--------+--------+-----+--------+

Top non-repeatable levels by time:
     D:5: 37 daAuts
     D:4: 6 daAuts
